 Seeded DCSS version 0.30-a0-1163-gf69bf04e7a (webtiles) character file.

Game seed: 7588773567475241856 (custom seed)

285 BadtimePacifist the Ducker (level 6, -8/43 (45) HPs)
             Began as a Vampire Gladiator on Apr 27, 2023.
             Mangled by Crazy Yiuf
             ... wielding a +4 quarterstaff of chaos
              (11 damage)
             ... on level 4 of the Dungeon on Apr 28, 2023.
             The game lasted 00:06:09 (2346 turns).

BadtimePacifist the Ducker (Vampire Gladiator)      Turns: 2346, Time: 00:06:09

HP:   -8/43 (45)    AC:  4    Str: 15    XL:     6   Next: 7%
MP:   7/7           EV: 13    Int: 10    God:
Gold: 150           SH:  0    Dex: 16    Spells: 7/7 levels left

rFire   . . .        a - +0 rapier
rCold   . . .        (no shield)
rNeg    . . .        b - +0 leather armour
rPois   .            c - +0 helmet
rElec   .            (no cloak)
rCorr   .            (no gloves)
SInv    +            (no boots)
Will    .....        q - amulet of the acrobat
Stlth   ++           (no ring)
HPRegen 0.47/turn    (no ring)
MPRegen 0.10/turn

%: acrobat
@: healing quickly, lightly drained
A: alive, fangs 3, see invisible, vampiric 2
a: Exsanguinate


You were on level 4 of the Dungeon.
You visited 1 branch of the dungeon, and saw 4 of its levels.

You collected 150 gold pieces.

Inventory:

Hand Weapons
 a - a +0 rapier (weapon)
Missiles
 d - 3 throwing nets (quivered)
 e - a javelin
Armour
 b - a +0 leather armour (worn)
 c - a +0 helmet (worn)
 l - a scarf of harm
 p - a scarf of shadows
Jewellery
 q - an amulet of the acrobat (around neck)
Scrolls
 g - a scroll of noise {unknown}
 h - 2 scrolls of teleportation {unknown}
 i - 3 scrolls of enchant weapon {unknown}
 m - 4 scrolls of identify {unknown}
 o - a scroll of vulnerability {unknown}
 r - a scroll of blinking {unknown}
 t - a scroll of poison {unknown}
 v - a scroll of enchant armour {unknown}
 w - a scroll of torment {unknown}
Potions
 f - a potion of attraction {unknown}
 j - a potion of brilliance {unknown}
 k - 4 potions of curing {unknown}
 n - a potion of heal wounds {unknown}
 s - a potion of flight {unknown}
 u - a potion of might {unknown}


   Skills:
 * Level 2.3 Fighting
 + Level 4.0(4.2) Short Blades
 * Level 1.3(2.7) Long Blades
 * Level 2.2 Throwing
 * Level 2.0 Armour
 * Level 4.2 Dodging
 * Level 2.0 Stealth
 * Level 1.5 Unarmed Combat
 * Level 1.2 Spellcasting


You had 7 spell levels left.
You didn't know any spells.
Your spell library was empty.

Dungeon Overview and Level Annotations

Branches:
Dungeon (4/15)
 Temple: D:4-7

Altars:
Cheibriados
Dithmenos
Trog

Shops:
D:4 [

Annotations:
D:4 Crazy Yiuf


Innate Abilities, Weirdness & Mutations

Your natural rate of healing is accelerated.
You have razor-sharp teeth.
You have supernaturally acute eyesight. (SInv)
You are afflicted with vampirism and can become a bat while bloodless.


Message History

Crazy Yiuf shouts!
Could not explore, unopened runed door.
Could not explore, unopened runed door.
Could not explore, unopened runed door.
Could not explore, unopened runed door.
Could not explore, unopened runed door.
Could not explore, unopened runed door.
Could not explore, unopened runed door.
Could not explore, unopened runed door.
You open the door. You hit Crazy Yiuf. You bite Crazy Yiuf.
Crazy Yiuf is moderately wounded.
Crazy Yiuf drinks a potion.
Crazy Yiuf flickers and vanishes for a moment.
You barely miss Crazy Yiuf.
Crazy Yiuf is moderately wounded.
Crazy Yiuf hits you with a +4 quarterstaff of chaos.
You hit Crazy Yiuf.
Crazy Yiuf is moderately wounded.
Crazy Yiuf hits you with a +4 quarterstaff of chaos!
Crazy Yiuf freezes you.
You hit Crazy Yiuf but do no damage.
Crazy Yiuf is moderately wounded.
Crazy Yiuf hits you with a +4 quarterstaff of chaos!
You feel drained.
You hit Crazy Yiuf but do no damage. Your bite misses Crazy Yiuf.
Crazy Yiuf is moderately wounded.
Crazy Yiuf completely misses you.
You hit Crazy Yiuf.
Crazy Yiuf is heavily wounded.
Crazy Yiuf completely misses you.
You hit Crazy Yiuf.
Crazy Yiuf is heavily wounded.
Crazy Yiuf hits you with a +4 quarterstaff of chaos.
You are electrocuted!
* * * LOW HITPOINT WARNING * * *
You hit Crazy Yiuf but do no damage. You bite Crazy Yiuf.
Crazy Yiuf is severely wounded.
Crazy Yiuf hits you with a +4 quarterstaff of chaos!
You die...

#### #.............#
#.##.#.#
#.##..#####.#.#
#.##.#.# #####.##..#
#.#.# #.##...# #
#.....##### #####
####.### # #)###.#
#.#### # #.# #.#
#########.##.## # #.#
#.# ###
###.#....##.#.#.# # #.#
#.#
#...##..#......#..###.
# #.# #.#
#...g@####.......## ##
# #.# #.# #)..###
##....##.###. # #.# #.#
### ####(###.#.# ####.#
#.# #.###..##
.....###.# #.....##
.^.......# #######
#######.### ##########
#..##.####.##.##.#
######...........#.##.#
#.......##.##..#......#


You could see Crazy Yiuf (invisible).

Vanquished Creatures
  2 phantoms (D:4)
  A hound (D:4)
  An iguana (D:4)
  An adder (D:4)
  3 dart slugs
  7 orcs (D:4)
  5 bats
  5 endoplasms
  4 giant cockroaches
  8 goblins
  3 hobgoblins
  5 kobolds
  5 ball pythons
  7 frilled lizards
  4 rats
61 creatures vanquished.

Notes
Turn   | Place    | Note
-------+----------+-------------------------------------------
     0 | D:1      | BadtimePacifist the Vampire Gladiator began the quest for
                  | the Orb.
     0 | D:1      | Reached XP level 1. HP: 16/16 MP: 1/1
     6 | D:1      | Noticed a black bear
     6 | D:1      | Noticed a scorpion
     7 | D:1      | Noticed a hound
     7 | D:1      | Noticed a snapping turtle
   220 | D:1      | Reached XP level 2. HP: 14/22 MP: 2/2
   590 | D:1      | Upgraded the game from 0.30-a0-1161-g0704695555 to
                  | 0.30-a0-1163-gf69bf04e7a
   786 | D:2      | Gained mutation: You are afflicted with vampirism and can
                  | become a bat while bloodless. [Vampire growth]
   786 | D:2      | Reached XP level 3. HP: 27/27 MP: 3/3
  1360 | D:3      | Found a shadowy altar of Dithmenos.
  1434 | D:3      | Found a bloodstained altar of Trog.
  1434 | D:3      | You fall into a shaft and drop 1 floor!
  1595 | D:4      | Reached skill level 1 in Armour
  1595 | D:4      | Reached XP level 4. HP: 26/33 MP: 3/5
  1705 | D:4      | Reached skill level 1 in Stealth
  1733 | D:4      | Reached skill level 1 in Long Blades
  1829 | D:4      | Noticed a phantom
  1856 | D:4      | Killed a phantom
  1857 | D:4      | Reached skill level 1 in Unarmed Combat
  1857 | D:4      | Reached skill level 1 in Spellcasting
  1857 | D:4      | Reached XP level 5. HP: 18/38 MP: 6/6
  1922 | D:4      | Noticed a phantom
  1936 | D:4      | Killed a phantom
  1970 | D:4      | Found a runed translucent door.
  1971 | D:4      | Noticed Crazy Yiuf
  2024 | D:4      | Found Suruuh's Armour Boutique.
  2029 | D:4      | Reached XP level 6. HP: 44/44 MP: 7/7
  2126 | D:4      | Found a snail-covered altar of Cheibriados.
  2346 | D:4      | Mangled by Crazy Yiuf

Illustrated notes

Levels and vault maps discovered:
D:1:      onia_arrival_zoo_common, layout_rooms
D:2:      layout_loops_ring
D:3:      layout_basic, trog_wizard, mainiacjoe_overflow_alcove_2,
          nicolae_dithmenos_shadow_blocks, grunt_temple_overflow_holy_war,
          uniq_sigmund
D:4:      layout_loops_ring, kennysheep_slug_shrine, serial_shops,
          nicolae_shop_just_a_little_nook, uniq_crazy_yiuf_cottage

Skill      XL: |  1  2  3  4  5 |
---------------+----------------+-----
Fighting       | 2 |  2.3
Armour         | 1 2 |  2.0
Dodging        | 4 |  4.2
Stealth        | 1 2 |  2.0
Long Blades    | 1 |  1.3
Throwing       | 2 |  2.2
Unarmed Combat | 1 |  1.5
Spellcasting   | 1 |  1.2
Short Blades   | 4 |  4.0

Action                     |  1- 3 |  4- 6 || total
---------------------------+-------+-------++-------
  Melee: Rapier            |   129 |   110 ||   239
         Bite              |    14 |    12 ||    26
         Punch             |       |     2 ||     2
   Stab: Sleeping          |       |     1 ||     1
 Armour: Leather armour    |    73 |    16 ||    89
  Dodge: Dodged            |   144 |    66 ||   210

Table legend: (Time is in decaauts)
 A = Elapsed time spent in this place.
 B = Non-inter-level travel time spent in this place.
 C = Inter-level travel time spent in this place.
 D = Time resting spent in this place.
 E = Time spent auto-exploring this place.
 F = Levels seen in this place.
 G = Mean time per level.
                   A        B        C        D        E       F      G
               +--------+--------+--------+--------+--------+-----+--------+
         Total |   2354 |   2342 |     12 |      0 |   1572 |   4 |  588.5 |
       Dungeon |   2354 |   2342 |     12 |      0 |   1572 |   4 |  588.5 |
               +--------+--------+--------+--------+--------+-----+--------+

Top non-repeatable levels by time:
     D:4: 918 daAuts
     D:1: 700 daAuts
     D:2: 641 daAuts
     D:3: 94 daAuts
